 Dungeon Crawl Stone Soup version 0.23-a0-79-gaa8cc03 (webtiles) character file.

38 Letos the Chiller (level 3, 0/19 HPs)
             Began as a Deep Elf Ice Elementalist on Aug 12, 2018.
             Succumbed to an adder's poison
             ... on level 2 of the Dungeon.
             The game lasted 00:02:03 (789 turns).

Letos the Chiller (Deep Elf Ice Elementalist)        Turns: 789, Time: 00:02:03

Health: 0/19       AC:  3    Str:  5    XL:     3   Next: 25%
Magic:  5/10       EV: 13    Int: 20    God:
Gold:   68         SH:  0    Dex: 15    Spells: 6/9 levels left

rFire    . . .     SeeInvis .   h - +1 whip (venom)
rCold    . . .     Gourm    .   (no shield)
rNeg     . . .     Faith    .   a - +0 robe
rPois    .         Spirit   .   e - +0 helmet
rElec    .         Reflect  .   (no cloak)
rCorr    .         Harm     .   (no gloves)
MR       .....     Rnd*Tele +   (no boots)
Stlth    ++........             (no amulet)
HPRegen  0.06/turn              (no ring)
MPRegen  0.12/turn              (no ring)

@: lethally poisoned (0 -> -8)
A: hooves 1, teleportitis 1
a: no special abilities


You were on level 2 of the Dungeon.
You were not hungry.

You visited 1 branch of the dungeon, and saw 2 of its levels.

You collected 68 gold pieces.

Inventory:

Hand Weapons
 h - a +1 whip of venom (weapon)
Armour
 a - a +0 robe (worn)
 b - +0 fire dragon scales
 e - a +0 helmet (worn)
Scrolls
 d - a scroll of identify {unknown}
 f - 2 scrolls of enchant weapon {unknown}
Comestibles
 c - 2 rations


   Skills:
 - Level 2.4 Dodging
 - Level 2.4 Stealth
 + Level 3.8 Spellcasting
 * Level 1.5 Conjurations
 + Level 4.2 Ice Magic


You had 6 spell levels left.
You knew the following spells:

 Your Spells              Type           Power        Failure   Level  Hunger
a - Freeze                Ice            ###.         2%          1    None
b - Throw Frost           Conj/Ice       ###...       6%          2    ##.....

Your spell library contained the following spells:

 Spells                   Type           Power        Failure   Level  Hunger
 Summon Ice Beast         Ice/Summ       ##......     47%         4    ####...
 Ozocubu's Armour         Chrm/Ice       ##......     16%         3    ###....
 Throw Icicle             Conj/Ice       ###.....     36%         4    ####...


Dungeon Overview and Level Annotations

Branches:
Dungeon (1/15)

Altars:


Innate Abilities, Weirdness & Mutations

You have large cloven feet.
You are occasionally teleported next to monsters.


Message History

Press: ? - help, Shift-Dir - straight line, f/p - adder
Aim: an adder (moderately wounded, slow)
You freeze the adder.
The adder is heavily wounded.
The adder bites you.
* * * LOW HITPOINT WARNING * * *
You are lethally poisoned!
The adder poisons you!
Casting: Freeze (safe; 2% risk of failure)
Confirm with . or Enter, or press ? or * to list all spells.
Aiming: Freeze (safe; 2% risk of failure)
Press: ? - help, Shift-Dir - straight line, f/p - adder
Aim: an adder (heavily wounded, slow)
You freeze the adder.
You kill the adder!
* * * LOW HITPOINT WARNING * * *
You feel sick.
It was a potion of mutation.
You feel extremely strange.
You feel weirdly uncertain.
Your feet thicken and deform.
You die...

#...# #...# #...#
#. #...# .. .
######...####.##.#
..................
.......)..#......
........†.$....#
#####..@####.###
#...# #...# #...#
#...# .....
....... #.##.#..
.. ......


There were no monsters in sight!

Vanquished Creatures
  An adder (D:2)
  2 dart slugs (D:1)
  A leopard gecko (D:1)
  3 giant cockroaches
  3 hobgoblins (D:1)
  3 kobolds
  4 bats
  2 frilled lizards
  2 goblins (D:1)
  3 rats (D:1)
24 creatures vanquished.

Vanquished Creatures (others)
  5 toadstools (D:1)
5 creatures vanquished.

Grand Total: 29 creatures vanquished

Notes
Turn   | Place    | Note
-------+----------+-------------------------------------------
     0 | D:1      | Letos the Deep Elf Ice Elementalist began the quest for the Orb.
     0 | D:1      | Reached XP level 1. HP: 10/10 MP: 6/6
   121 | D:1      | Reached XP level 2. HP: 14/15 MP: 6/8
   384 | D:1      | Reached skill level 4 in Ice Magic
   661 | D:1      | Learned a level 2 spell: Throw Frost
   766 | D:1      | You fall through a shaft!
   785 | D:2      | Reached XP level 3. HP: 7/19 MP: 8/10
   789 | D:2      | Gained mutation: You are occasionally teleported next to monsters. [potion of mutation]
   789 | D:2      | Gained mutation: You have large cloven feet. [potion of mutation]
   789 | D:2      | Succumbed to an adder's poison

Vault maps used:
D:1:      ldierk_walled_garden, minmay_misc_feat_alley, st_stairs_14,
          minivault_23
D:2:      kennysheep_generic_room_2

Skill      XL: |  1  2 |
---------------+-------+-----
Ice Magic      | 4 |  4.2
Dodging        | |  2.4
Stealth        | |  2.4
Spellcasting   | |  3.8
Conjurations   | |  1.5

Action                   || total
-------------------------++-------
Melee: Dagger            ||     5
       Short sword       ||    11
       Whip              ||    33
 Cast: Freeze            ||    17
  Use: Potion            ||     1
 Stab: Sleeping          ||     4
Armor: Robe              ||    10
Dodge: Dodged            ||    52

Table legend:
 A = Non-vault XP
 B = Vault XP
 C = Vault XP percentage of total XP
 D = Non-vault monster count
 E = Vault monster count
 F = Vault count percentage of total count
 G = Total turns spent on level
                 A         B        C        D         E       F
            +---------+---------+-------+---------+---------+-------
      Total |      54 |       1 |   1.8 |      23 |       1 |   4.2
            +---------+---------+-------+---------+---------+-------
        D:1 |      35 |       1 |   2.8 |      18 |       1 |   5.3
        D:2 |      19 |       0 |   0.0 |       5 |       0 |   0.0
            +---------+---------+-------+---------+---------+-------
